Cogmind - Beta 12 @@@ ROGUE MODE // 2023.03.13 @ 16:21:46 Player: ZLD1 Result: Destroyed by S-10 Pest with Light Assault Rifle Performance ------------- Evolutions (1) 500 Regions Visited (5) 1000 Robots Destroyed (15) 75 Value Destroyed (471) 471 Prototype IDs (3) 60 Alien Tech Used (0) 0 Bonus (272) 272 TOTAL SCORE: 2378 Bonus ------- Follower Combat Kills 72 Entered Garrisons 200 Cogmind --------- Core Integrity 0/400 Matter 293/300 Energy 100/100 System Corruption 0% Temperature Cool (0) Movement Flying (40) Location -9/Garrison Parts ------- > --- POWER (1) -------- (None) > --- PROPULSION (4) --- Flight Unit > --- UTILITY (2) ------ Signal Interpreter Improved Targeting Computer > --- WEAPON (2) ------- (None) > --- INVENTORY (5) ---- (None) Peak State ------------ > --- POWER ------------ Improved Ion Engine > --- PROPULSION ------- Aluminum Leg Improved Aluminum Leg Improved Aluminum Leg Improved Aluminum Leg > --- UTILITY ---------- Signal Interpreter Improved Targeting Computer > --- WEAPON ----------- Improved EM Shotgun Improved Assault Rifle > --- INVENTORY -------- Flight Unit Autogun [Rating: 18] Favorites ----------- Power Light Ion Engine Engine Light Ion Engine Propulsion Aluminum Leg Leg Aluminum Leg Flight Unit Flight Unit Utility Improved Targeting Computer Processor Improved Targeting Computer Weapon EM Pulse Gun Energy Gun EM Pulse Gun Energy Cannon Advanced Beam Cannon Ballistic Gun Improved Assault Rifle Special Weapon Enhanced Flamer Build | -11 -10 -10 -9 -9 -9 ------- Run | Jun Mat Min Mat Sto Gar Slots Evolved 2 | . . . 2 . . Power . | . . . . . . Propulsion 2 | . . . 2 . . Utility . | . . . . . . Weapon . | . . . . . . Parts Attached 25 | 5 2 2 1 13 2 Power 3 | 1 . 1 . 1 . Engine 3 | 1 . 1 . 1 . Core . | . . . . . . Reactor . | . . . . . . Propulsion 10 | 2 . . . 7 1 Treads . | . . . . . . Leg 9 | 2 . . . 7 . Wheel . | . . . . . . Hover . | . . . . . . Flight 1 | . . . . . 1 Utility 2 | . 2 . . . . Device . | . . . . . . Storage . | . . . . . . Processor 2 | . 2 . . . . Hackware . | . . . . . . Protection . | . . . . . . Artifact . | . . . . . . Weapon 10 | 2 . 1 1 5 1 Energy Gun 5 | 2 . . . 3 . Energy Cannon 1 | . . . . 1 . Ballistic Gun 3 | . . . 1 1 1 Ballistic Cannon . | . . . . . . Launcher . | . . . . . . Special Weapon 1 | . . 1 . . . Impact Weapon . | . . . . . . Slashing Weapon . | . . . . . . Piercing Weapon . | . . . . . . Special Melee Weapon . | . . . . . . Unidentified Prototypes 3 | . . . 1 2 . Parts Lost 8 | . . . . . 8 Power 1 | . . . . . 1 Propulsion 4 | . . . . . 4 Utility . | . . . . . . Weapon 3 | . . . . . 3 Highest Loss Streak 8 | . . . . . 8 To Critical Strikes . | . . . . . . Average Slot Usage (%) 93 | . 82 99 72 88 78 Engine 12 | . 14 13 11 11 7 Leg 28 | . 28 28 22 35 29 Processor 25 | . 10 28 22 22 22 Energy Gun 16 | . 28 19 5 4 7 Ballistic Gun 2 | . . . 1 10 8 Special Weapon 6 | . . 8 11 4 . Naked Turns . | . . . . . . Heaviest Build 13 | 7 7 7 8 13 13 Greatest Support 49 | 20 20 20 20 49 49 Greatest Overweight (x) 2 | . . . . 2 . Average Overweight (x) . | . . . . . . Largest Inventory Capacity 5 | 5 5 5 5 5 5 Average Capacity 5 | 5 5 5 5 5 5 Most Carried 5 | 5 1 2 3 5 2 Average Carried 1 | 1 . . 1 2 1 Final Capacity 5 | 5 5 5 5 5 5 Final Carried 2 | . . 1 2 2 . Class Distribution -------------------- 100% | Mutant Dominant Class ---------------- Mutant | -10/Materials Mutant | -10/Mines Mutant | -9/Materials Mutant | -9/Storage Mutant | -9/Garrison Resources | -11 -10 -10 -9 -9 -9 ----------- Run | Jun Mat Min Mat Sto Gar Matter Collected 493 | 63 . 227 . 179 24 Remotely . | . . . . . . Salvage Created 579 | . . 207 . 240 132 Parts 43 | . . 15 . 20 8 Haulers Intercepted . | . . . . . . Recyclers Shooed . | . . . . . . Parts Field Recycled . | . . . . . . Retrieved Matter . | . . . . . . Parts Self-Destructed . | . . . . . . Prevented . | . . . . . . Kills | -11 -10 -10 -9 -9 -9 ------- Run | Jun Mat Min Mat Sto Gar Combat Hostiles Destroyed 15 | . . 7 . 5 3 Guns 13 | . . 5 . 5 3 AOE 2 | . . 2 . . . Classes Destroyed 3 | . . 2 . 1 . Swarmer 5 | . . 4 . . 1 Grunt 5 | . . 3 . 2 . Sentry 5 | . . . . 3 2 Best Kill Streak 3 | . . 3 . 2 2 Combat Bots Only 3 | . . 3 . 2 2 Max Kills in Single Turn 2 | . . 2 . 1 1 Gunslinging . | . . . . . . Exploded 2 | . . 2 . . . Melee . | . . . . . . Uniques/NPCs Destroyed . | . . . . . . Combat | -11 -10 -10 -9 -9 -9 -------- Run | Jun Mat Min Mat Sto Gar Damage Taken 1291 | . . 199 28 243 821 Core 477 | . . 75 . 61 341 Absorbed by Shields 89 | . . . . . 89 Core Remaining (%) 85 | 100 . 70 . . . Volleys Fired 41 | . . 14 . 13 14 Largest 2 | . . 2 . 2 2 Hottest 120 | . . 120 . 103 68 Shots Fired 73 | . . 28 . 24 21 Gun 70 | . . 27 . 22 21 Cannon . | . . . . . . Launcher . | . . . . . . Special 3 | . . 1 . 2 . Kinetic 27 | . . . . 13 14 Thermal 16 | . . 14 . 2 . Explosive . | . . . . . . Electromagnetic 30 | . . 14 . 9 7 Robot Hit Streak 16 | . . 6 . 16 14 Robot Miss Streak 6 | . . 2 . 2 6 Penetration Max . | . . . . . . Secondary Targets 1 | . . 1 . . . Max Gunslinging Chain 1 | . . 1 . . . Shots Hit Robots 55 | . . 19 . 20 16 Core Hits 30 | . . 11 . 11 8 Critical Kills . | . . . . . . Critical Parts Destroyed . | . . . . . . Critical Strikes 2 | . . 2 . . . Burn 2 | . . 2 . . . Melee Attacks . | . . . . . . Impact . | . . . . . . Slashing . | . . . . . . Piercing . | . . . . . . Sneak Attacks . | . . . . . . Combat Hostiles . | . . . . . . Follow-up Attacks . | . . . . . . Damage Inflicted 976 | . . 316 . 377 283 Guns 832 | . . 237 . 312 283 Cannons . | . . . . . . Explosions 134 | . . 79 . 55 . Melee . | . . . . . . Ramming . | . . . . . . Kinetic 354 | . . . . 176 178 Thermal 257 | . . 192 . 65 . Explosive . | . . . . . . Electromagnetic 365 | . . 124 . 136 105 Impact . | . . . . . . Slashing . | . . . . . . Piercing . | . . . . . . Highest Corruption . | . . . . . . Average Corruption . | . . . . . . Corruption Purged . | . . . . . . Corruption Blocked . | . . . . . . Overload Shots . | . . . . . . Overflow Damage 16 | . . 16 . . . Projectiles . | . . . . . . Explosions 16 | . . 16 . . . Melee . | . . . . . . Knockbacks . | . . . . . . Impact . | . . . . . . Kinetic . | . . . . . . Secondary . | . . . . . . Self-Inflicted Damage 13 | . . 13 . . . Shots 1 | . . 1 . . . Rammed . | . . . . . . Targets Rammed . | . . . . . . Kicked . | . . . . . . Crushed . | . . . . . . Highest Temperature 144 | . . 144 . 60 27 Average Temperature 43 | . . 53 . 33 14 Received Heat Transfer 204 | . . 48 9 108 39 Siege Activations . | . . . . . . Robots Corrupted . | . . . . . . Combat Hostiles . | . . . . . . Parts Fried 1 | . . . . . 1 Impact Corruptions . | . . . . . . Robots Melted . | . . . . . . Combat Hostiles . | . . . . . . Parts Melted 1 | . . 1 . . . Heat Transferred 761 | . . 631 . 130 . Parts Sabotaged . | . . . . . . Parts Stolen . | . . . . . . Parts Stripped . | . . . . . . Power Chain Reactions 2 | . . 1 . 1 . Missiles Intercepted . | . . . . . . Alert | -11 -10 -10 -9 -9 -9 ------- Run | Jun Mat Min Mat Sto Gar Peak Influence 304 | . 15 304 47 225 186 Initial 146 | . . 5 . 19 146 Average 81 | . 3 85 2 95 159 Maximum Alert Level 1 | . . 1 . 1 . Low Security (%) 91 | 100 100 88 100 92 100 Level 1 8 | . . 11 . 7 . Level 2 . | . . . . . . Level 3 . | . . . . . . Level 4 . | . . . . . . Level 5 . | . . . . . . High Security . | . . . . . . Max Security . | . . . . . . Squads Dispatched 3 | . 1 . . 2 . Investigation 1 | . . . . 1 . Extermination . | . . . . . . Reinforcement 1 | . 1 . . . . Assault . | . . . . . . Garrison 1 | . . . . 1 . Intercept . | . . . . . . Searches Triggered . | . . . . . . Construction Impeded . | . . . . . . Haulers Reinforced . | . . . . . . Active Scanning Responses . | . . . . . . Cargo Convoy Interrupts . | . . . . . . Stealth | -11 -10 -10 -9 -9 -9 --------- Run | Jun Mat Min Mat Sto Gar Distress Signals 2 | . . . . 2 . Communications Jammed . | . . . . . . Distress Signals . | . . . . . . Times Spotted 32 | . 2 10 1 6 13 Peak Tracking Total 9 | . 1 3 . 3 9 Tactical Retreats . | . . . . . . Traps | -11 -10 -10 -9 -9 -9 ------- Run | Jun Mat Min Mat Sto Gar Traps Triggered 8 | . . . . 3 5 Indirectly . | . . . . . . Trap Hack Attempts . | . . . . . . Triggered . | . . . . . . Disarmed 6 | . 6 . . . . Reprogrammed . | . . . . . . Reused . | . . . . . . Traps Extracted . | . . . . . . Installed . | . . . . . . Triggered . | . . . . . . Machines | -11 -10 -10 -9 -9 -9 ---------- Run | Jun Mat Min Mat Sto Gar Machines Disabled . | . . . . . . Max in Single Turn . | . . . . . . Machines Repaired . | . . . . . . Machines Sabotaged . | . . . . . . Overloaded Fab Kills . | . . . . . . Hacking | -11 -10 -10 -9 -9 -9 --------- Run | Jun Mat Min Mat Sto Gar Machines Accessed 6 | . 1 1 . 4 . Terminals 5 | . 1 1 . 3 . Fabricators . | . . . . . . Repair Stations . | . . . . . . Recycling Units . | . . . . . . Scanalyzers . | . . . . . . Garrison Access 1 | . . . . 1 . Total Hacks 16 | . 4 2 . 10 . Successful 11 | . 4 1 . 6 . Failed 5 | . . 1 . 4 . Catastrophic 1 | . . . . 1 . Database Lockouts . | . . . . . . Manual . | . . . . . . Terminals 15 | . 4 2 . 9 . Fabricators . | . . . . . . Repair Stations . | . . . . . . Recycling Units . | . . . . . . Scanalyzers . | . . . . . . Garrison Access 1 | . . . . 1 . Terminal Hacks 10 | . 4 1 . 5 . Record 5 | . 2 . . 3 . Open Door 2 | . . . . 2 . Disarm Traps 1 | . 1 . . . . Dispatch Records 1 | . 1 . . . . Zone Layout 1 | . . 1 . . . Fabricator Hacks . | . . . . . . Repair Station Hacks . | . . . . . . Recycling Unit Hacks . | . . . . . . Scanalyzer . | . . . . . . Garrison Access Hacks 1 | . . . . 1 . Unlock Access 1 | . . . . 1 . Unauthorized Hacks . | . . . . . . Terminals . | . . . . . . Fabricators . | . . . . . . Repair Stations . | . . . . . . Recycling Units . | . . . . . . Scanalyzers . | . . . . . . Garrison Access . | . . . . . . Data Cores Recovered . | . . . . . . Used . | . . . . . . Hacking Detections 3 | . . 1 . 2 . Full Trace Events 1 | . . . . 1 . Feedback Events . | . . . . . . Feedback Blocked . | . . . . . . Robot Schematics Acquired . | . . . . . . Robots Built . | . . . . . . Authchips . | . . . . . . Time . | . . . . . . Total Robot Build Rating . | . . . . . . Part Schematics Acquired . | . . . . . . Parts Built . | . . . . . . Authchips . | . . . . . . Time . | . . . . . . Total Part Build Rating . | . . . . . . Parts Repaired . | . . . . . . Time . | . . . . . . Parts Recycled . | . . . . . . Recycled Matter . | . . . . . . Retrieved Matter . | . . . . . . Retrieved Components . | . . . . . . Parts Scanalyzed . | . . . . . . Part Schematics Acquired . | . . . . . . Parts Damaged . | . . . . . . Bothacking | -11 -10 -10 -9 -9 -9 ------------ Run | Jun Mat Min Mat Sto Gar Used RIF Installer . | . . . . . . Robots Hacked . | . . . . . . Non-combat . | . . . . . . Combat . | . . . . . . Robot Hacks Applied . | . . . . . . Relay Couplers Released . | . . . . . . Fabnet Peak Effective % . | . . . . . . Robots Rewired . | . . . . . . Allies Hacked . | . . . . . . Hacks Repelled . | . . . . . . Allies | -11 -10 -10 -9 -9 -9 -------- Run | Jun Mat Min Mat Sto Gar Total Allies 2 | . . 2 . . . Largest Group 2 | . . 2 1 . . Highest-Rated Group 42 | . . 42 31 . . Highest-Rated Ally 31 | . . 31 31 . . Total Orders . | . . . . . . Ally Attacks 6 | . . 5 1 . . Total Damage 106 | . . 85 21 . . Kills 4 | . . 3 1 . . Allies Corrupted . | . . . . . . Allies Melted . | . . . . . . Intel | -11 -10 -10 -9 -9 -9 ------- Run | Jun Mat Min Mat Sto Gar Robot Analysis Total . | . . . . . . Derelict Logs Recovered 1 | . . 1 . . . Drone Launches . | . . . . . . Drone Recoveries . | . . . . . . Exploration | -11 -10 -10 -9 -9 -9 ------------- Run | Jun Mat Min Mat Sto Gar Turns Passed 1662 | 32 129 1072 76 211 142 Spaces Moved 1243 | 25 105 840 61 121 91 Core 21 | 11 . . . 7 3 Treads . | . . . . . . Legs 1195 | 14 105 840 61 114 61 Wheels . | . . . . . . Hover . | . . . . . . Flight 27 | . . . . . 27 Fastest Speed 40 | 50 120 120 120 50 40 Average Speed 117 | 89 120 120 120 118 93 Slowest Speed 150 | 120 120 120 120 150 120 Overloaded Moves . | . . . . . . Propulsion Burnouts . | . . . . . . Robots Hopped . | . . . . . . Cave-ins Triggered . | . . . . . . Exploration Rate (%) 31 | 4 27 100 9 22 25 Regions Visited 5 Branch Regions 2 Pre-discovered Areas . | . . . . . . Known Exits Taken 3 | . . 1 1 1 . Unknown Exits Taken 2 | 1 1 . . . . Scrap Searched 1 | . . 1 . . . Spaces Dug . | . . . . . . Terrain Destroyed 9 | . . . . 9 . Melee . | . . . . . . Projectile . | . . . . . . AOE 9 | . . . . 9 . Terrain Rammed . | . . . . . . Walls Destroyed . | . . . . . . Machines Disabled . | . . . . . . Actions | -11 -10 -10 -9 -9 -9 --------- Run | Jun Mat Min Mat Sto Gar Total 1372 | 34 108 876 64 163 127 Wait 16 | . . 16 . . . Move 1239 | 24 104 839 60 121 91 Hop . | . . . . . . Pick Up 24 | 5 2 3 2 12 . Fast Attach 1 | . . . . 1 . Attach 23 | 5 2 2 1 11 2 Detach . | . . . . . . Swap 1 | . . . . 1 . Drop 7 | . . 2 1 4 . Fire 41 | . . 14 . 13 14 Melee . | . . . . . . Ram . | . . . . . . Kick . | . . . . . . Crush . | . . . . . . Escape Stasis 20 | . . . . . 20 Rewire . | . . . . . . Trap . | . . . . . . Miscellaneous . | . . . . . . Route ------- -11/Junkyard -10/Materials -10/Mines (discovered 2 exits: *Mat x2) -9/Materials -9/Storage -9/Garrison (discovered 1 exit: [*Rec]) History --------- Turn | Location | Event 17 | -11/Junkyard | Discovered new exit (range 14) 33 | -11/Junkyard | Entered Materials 136 | -10/Materials | Discovered new exit (range 16) 162 | -10/Materials | Entered Mines 176 | -10/Mines | Discovered new exit (range 9) 286 | -10/Mines | Learned Materials trap positions 314 | -10/Mines | Build established: Mutant 441 | -10/Mines | Discovered new exit (range 8) 585 | -10/Mines | A weapon hastily lodged in a ceiling crevice suddenly fell to the ground 842 | -10/Mines | Identified exit to Materials 1234 | -10/Mines | Entered Materials 1234 | -9/Materials | Accompanied by 1 ally 1234 | -9/Materials | Evolved 2 slots: Propulsion x2 1235 | -9/Materials | Loaded intel: 7 trap records 1239 | -9/Materials | Led the pair of lost Derelicts to an unsafe place 1305 | -9/Materials | Discovered new exit (range 4) 1309 | -9/Materials | Identified exit to Storage 1310 | -9/Materials | Entered Storage 1488 | -9/Storage | Garrison activated, responded to threat 1521 | -9/Storage | Identified exit to Garrison 1521 | -9/Storage | Entered Garrison 1550 | -9/Garrison | Triggered checkpoint 1573 | -9/Garrison | Spotted B-75 Beast 1600 | -9/Garrison | Triggered checkpoint 1612 | -9/Garrison | Triggered checkpoint 1637 | -9/Garrison | Core integrity fell below 50% 1651 | -9/Garrison | Core integrity fell below 20% 1656 | -9/Garrison | Triggered checkpoint 1660 | -9/Garrison | Triggered checkpoint 1662 | -9/Garrison | Discovered new exit (range 14) 1663 | -9/Garrison | Destroyed by S-10 Pest with Light Assault Rifle Last Messages --------------- 01643_ Field strength at 82. 01644_ Field strength at 74. 01645_ Field strength at 60. 01646_ Field strength at 50. 01647_ Field strength at 45. 01648_ Field strength at 38. 01649_ Field strength at 26. 01650_ Field strength at 19. 01651_ Field strength at 3. 01652_ Stasis field depleted. 01652_ Acquired 6 matter. 01656_ Beams of light sweep through the air. An alarm sounds. 01660_ C-30 ARC bursts open, deploying its payload. 01660_ S-10 Pest unfolds itself. 01662_ EXIT=FOUND 01662_ Triggered Stasis Trap. 01662_ A bubble of rippling energy engulfs the area. 01662_ Field strength at 95. 01662_ Field strength at 87. Map ----- +----------------------------------------------------+ | | | | | | | ?????????????????????????????????????????????????? | | ?????????????????????????????????????????????????? | | ?????????????????????????????????????????????????? | | ?????????????????????????????????????????????????? | | ?????????????????????????????????????????????????? | | ?????????????????????????????????????????????????? | | ?????????????????????????????????????????????????? | | ?????????????????????????????????????????????????? | | ????????????????????????####?????????????????????? | | ???????????????????????? ?????????????????????? | | ???????????????????????#